 Dungeon Crawl Stone Soup version 0.25-a0-479-g8579842fd4 (webtiles) character file.

Game seed: 5183724846023013990, levelgen mode: deterministic

29 Alarak the Slasher (level 3, -4/31 HPs)
             Began as a Minotaur Fighter on Feb 9, 2020.
             Slain by Sigmund
             ... wielding a +0 scythe
              (9 damage)
             ... on level 2 of the Dungeon.
             The game lasted 00:03:30 (907 turns).

Alarak the Slasher (Minotaur Fighter)                Turns: 907, Time: 00:03:30

Health: -4/31      AC: 11    Str: 21    XL:     3   Next: 1%
Magic:  2/2        EV:  6    Int:  5    God:
Gold:   70         SH:  0    Dex:  9    Spells: 2/2 levels left

rFire    . . .     SeeInvis .   a - +0 long sword
rCold    . . .     Gourm    .   (no shield)
rNeg     . . .     Faith    .   j - +0 plate armour
rPois    .         Spirit   .   (helmet restricted)
rElec    .         Reflect  .   (no cloak)
rCorr    .         Harm     .   (no gloves)
MR       .....                  (no boots)
Stlth    ..........             (no amulet)
HPRegen  0.10/turn              (no ring)
MPRegen  0.08/turn              (no ring)

@: no status effects
A: retaliatory headbutt, horns 2
a: no special abilities


You were on level 2 of the Dungeon.
You were not hungry.

You visited 1 branch of the dungeon, and saw 2 of its levels.

You collected 70 gold pieces.

Inventory:

Hand Weapons
 a - a +0 long sword (weapon)
Armour
 b - a +0 scale mail
 c - a +0 shield
 j - a +0 plate armour (worn)
Scrolls
 e - a scroll of amnesia {unknown}
 h - 2 scrolls of remove curse {unknown}
 i - 4 scrolls of identify {unknown}
 k - 3 scrolls of fog {unknown}
Potions
 d - a potion of might
 l - 3 potions of flight {unknown}
Comestibles
 f - 3 rations


   Skills:
 + Level 3.6 Fighting
 - Level 4.0 Long Blades
 - Level 4.0 Armour
 - Level 3.6 Shields


You had 2 spell levels left.
You didn't know any spells.
Your spell library was empty.

Dungeon Overview and Level Annotations

Branches:
Dungeon (2/15)

Altars:

Annotations:
D:2 Sigmund


Innate Abilities, Weirdness & Mutations

You reflexively headbutt those who attack you in melee.
You have a pair of horns on your head.


Message History

You feel less confused.
You hit Sigmund.
Sigmund is heavily wounded.
Sigmund hits you but does no damage.
You barely miss Sigmund.
Sigmund is heavily wounded.
Sigmund points at you and mumbles some strange words.
The puff of flame hits you!
You closely miss Sigmund.
Sigmund is heavily wounded.
Sigmund hits you with a +0 scythe.
You closely miss Sigmund. You headbutt Sigmund.
Sigmund is severely wounded.
Sigmund casts a spell at you. The puff of flame hits you!
* * * LOW HITPOINT WARNING * * *
Your plate armour prevents you from hitting Sigmund.
Sigmund is heavily wounded.
Sigmund hits you with a +0 scythe!
You die...

#### ## ..# #.#
#.# #.#
#######.##.####
..............#
..........#
####....# #.#
####..##.###.####
#..@@###........#
#+######.###.##.#
#...###.##.#
#.#..##.##.#
#.##.##.##.#
#.##.##.##.##
#....##.#...##
#..........<.##
#.##.##........


You could see Sigmund.

Vanquished Creatures
  3 leopard geckos (D:1)
  A ball python (D:1)
  4 bats (D:1)
  2 giant cockroaches (D:1)
  2 goblins
  3 hobgoblins
  4 kobolds (D:1)
  A quokka (D:2)
  2 frilled lizards (D:1)
  2 rats (D:1)
24 creatures vanquished.

Notes
Turn   | Place    | Note
-------+----------+-------------------------------------------
     0 | D:1      | Alarak the Minotaur Fighter began the quest for the Orb.
     0 | D:1      | Reached XP level 1. HP: 19/19 MP: 0/0
    94 | D:1      | You fall into a shaft and drop 1 floor!
   216 | D:1      | Reached XP level 2. HP: 21/26 MP: 1/1
   802 | D:2      | Reached XP level 3. HP: 25/31 MP: 2/2
   890 | D:2      | Noticed Sigmund
   907 | D:2      | Slain by Sigmund

Levels and vault maps discovered:
D:1:      wheals_arrival_linesprint, layout_loops_ring, minmay_tromino_mix6
D:2:      layout_loops_ring, fedhas_altar_3, chequers_ecumenical_altar_island,
          st_stairs_13, kennysheep_generic_room_11, uniq_crazy_yiuf_cottage,
          uniq_sigmund, uniq_terence

Skill      XL: |  1  2 |
---------------+-------+-----
Long Blades    | 3 4 |  4.0
Armour         | 4 |  4.0
Fighting       | |  3.6
Shields        | |  3.6

Action                   || total
-------------------------++-------
Melee: Long sword        ||    74
       Headbutt          ||     8
Armor: Scale mail        ||    21
       Plate armour      ||    32
Dodge: Dodged            ||    21
Block: Shield            ||    13
       Rpst.: Long sword ||     3

Table legend:
 A = Non-vault XP
 B = Vault XP
 C = Vault XP percentage of total XP
 D = Non-vault monster count
 E = Vault monster count
 F = Vault count percentage of total count
                 A         B        C        D         E       F
            +---------+---------+-------+---------+---------+-------
      Total |      38 |       4 |   9.5 |      21 |       3 |  12.5
            +---------+---------+-------+---------+---------+-------
        D:1 |      32 |       2 |   5.9 |      18 |       2 |  10.0
        D:2 |       6 |       2 |  25.0 |       3 |       1 |  25.0
            +---------+---------+-------+---------+---------+-------
